 Dungeon Crawl Stone Soup version 0.29.1-1-gd02db6906a (webtiles) character file.

Game seed: 196955452914316669

3892 funnyparkerb the Gusty (level 10, 0/84 HPs)
             Began as a Purple Draconian Air Elementalist on Oct 10, 2022.
             Was a Follower of Vehumet.
             Slain by a wyvern (11 damage)
             ... on level 8 of the Dungeon on Oct 11, 2022.
             The game lasted 00:25:05 (10215 turns).

funnyparkerb the Gusty (DrAE)                      Turns: 10215, Time: 00:25:05

Health: 0/84       AC: 14    Str: 11    XL:     10   Next: 0%
Magic:  0/19       EV: 12    Int: 26    God:    Vehumet [*.....]
Gold:   422        SH:  0    Dex: 11    Spells: 11/21 levels left

rFire   . . .      SeeInvis .   H - staff of conjuration
rCold   . . .      Faith    .   (no shield)
rNeg    . . .      Spirit   .   (body armour unavailable)
rPois   +          Reflect  .   w - +2 hat
rElec   .          Harm     .   r - +2 cloak
rCorr   .          Rampage  .   g - +0 pair of gloves
Will    +....                   d - +0 pair of boots
Stlth   ++........              B - amulet of the acrobat
HPRegen 0.24/turn               t - +6 ring of intelligence
MPRegen 0.16/turn               y - ring of poison resistance

@: brilliant
A: breathe power, AC +7, unfitting armour, cold-blooded
a: Breathe Dispelling Energy, Renounce Religion


You were on level 8 of the Dungeon.
You worshipped Vehumet.
Vehumet was aware of your devotion.
You visited 2 branches of the dungeon, and saw 9 of its levels.

You collected 422 gold pieces.

Inventory:

Hand Weapons
 q - a +2 short sword of venom
 F - the +11 hammer "Tiut" {flame, rF+ rC+ rN++ Str-5}
   (You found it on level 5 of the Dungeon)

   It burns those it strikes, dealing additional fire damage.
   Str:       It affects your strength (-5).
   rF:        It protects you from fire.
   rC:        It protects you from cold.
   rN:        It greatly protects you from negative energy.
Armour
 d - a +0 pair of boots (worn)
 g - a +0 pair of gloves (worn)
 r - a +2 cloak (worn)
 w - a +2 hat (worn)
Magical Staves
 H - a staff of conjuration (weapon)
Jewellery
 t - a +6 ring of intelligence (left hand)
 y - a ring of poison resistance (right hand)
 z - a ring of wizardry
 B - an amulet of the acrobat (around neck)
 E - a ring of see invisible
Wands
 b - a wand of digging (3)
 x - a wand of iceblast (7)
 K - a wand of polymorph (13)
Scrolls
 f - 11 scrolls of identify {unknown}
 i - a scroll of poison {unknown}
 l - 2 scrolls of vulnerability {unknown}
 m - a scroll of amnesia {unknown}
 n - a scroll of teleportation {unknown}
 o - a scroll of butterflies {unknown}
 p - 4 scrolls of magic mapping {unknown}
 s - 3 scrolls of enchant armour {unknown}
 u - a scroll of silence {unknown}
 A - 2 scrolls of fear {unknown}
 I - a scroll of enchant weapon {unknown}
 J - 2 scrolls of immolation {unknown}
Potions
 a - 3 potions of magic
 c - a potion of degeneration {unknown}
 e - 2 potions of lignification {unknown}
 h - 2 potions of brilliance
 j - 2 potions of invisibility {unknown}
 k - 2 potions of might {unknown}
 v - 2 potions of haste {unknown}
 C - a potion of heal wounds {unknown}
 D - a potion of flight {unknown}
 G - 7 potions of curing {unknown}


   Skills:
 - Level 6.8 Fighting
 - Level 1.7 Dodging
 - Level 1.7 Stealth
 - Level 6.0 Spellcasting
 + Level 7.4 Conjurations
 + Level 7.4 Air Magic
 * Level 6.7 Evocations


You had 11 spell levels left.
You knew the following spells:

 Your Spells              Type           Power      Damage    Failure   Level
a - Shock                 Conj/Air       100%       1d9       1%          1
b - Static Discharge      Conj/Air       81%        3-14/arc  1%          2
c - Swiftness             Air            63%        N/A       1%          3
d - Airstrike             Air            31%        2d(5-21)  3%          4

Your spell library contained the following spells:

 Spells                   Type           Power      Damage    Failure   Level
 Foxfire                  Conj/Fire      100%       2x1d9     1%          1
 Apportation              Tloc           22%        N/A       7%          1
 Freeze                   Ice            44%        1d6       7%          1
 Necrotise                Necr           44%        1d6       7%          1
 Summon Small Mammal      Summ           44%        N/A       7%          1
 Sublimation of Blood     Necr           11%        N/A       11%         2
 Wereblood                Tmut           11%        N/A       11%         2
 Hailstorm                Conj/Ice       57%        3d12      16%         4
 Frozen Ramparts          Ice            22%        1d4       21%         3
 Gell's Gravitas          Tloc           11%        N/A       21%         3
 Lesser Beckoning         Tloc           11%        N/A       21%         3
 Teleport Other           Tloc           11%        N/A       21%         3
 Summon Hydra             Summ           5%         N/A       100%        7


Dungeon Overview and Level Annotations

Branches:
Dungeon (8/15)             Temple (1/1) D:5            Lair (0/5) D:8

Altars:
Ashenzari
Dithmenos
Elyvilon
Fedhas
Gozag
Nemelex Xobeh
Okawaru
Qazlal
Ru
Sif Muna
Uskayaw
Vehumet
Wu Jian
Xom
Yredelemnul
The Shining One

Shops:
D:3 (   D:6 *


Innate Abilities, Weirdness & Mutations

You can breathe bolts of dispelling energy.
Your rich purple scales are hard. (AC +7)
You cannot fit into any form of body armour.
You are cold-blooded and may be slowed by cold attacks.


Message History

The orc warrior is heavily wounded.
The wyvern bites you!
Casting: Shock (safe; 1% risk of failure)
Confirm with . or Enter, or press ? or * to list all spells.
Aiming: Shock (safe; 1% risk of failure)
Press: ? - help, Shift-Dir - straight line, f/p - wyvern
Aim: a wyvern (moderately wounded, 74% to hit)
You feel a surge of power!
The zap hits the wyvern.
The wyvern is moderately wounded.
The zap hits the orc warrior.
The orc warrior is severely wounded.
The wyvern bites you but does no damage.
The wyvern barely misses you.
You hit the wyvern but do no damage.
You blast the wyvern!
Your tail-slap misses the wyvern.
The wyvern is severely wounded.
The wyvern barely misses you. The wyvern misses you.
You barely miss the wyvern.
The wyvern is severely wounded.
The wyvern closely misses you.
Casting: Shock (safe; 1% risk of failure)
Confirm with . or Enter, or press ? or * to list all spells.
Aiming: Shock (safe; 1% risk of failure)
Press: ? - help, Shift-Dir - straight line, f/p - wyvern
Aim: a wyvern (severely wounded, 74% to hit)
You feel a surge of power!
The zap hits the wyvern.
The wyvern is almost dead.
The zap hits the orc warrior.
The orc warrior is severely wounded.
The wyvern barely misses you. The wyvern bites you.
You hit the wyvern but do no damage.
The wyvern is severely wounded.
The wyvern bites you!
* * * LOW HITPOINT WARNING * * *
The wyvern bites you!
* * * LOW HITPOINT WARNING * * *
It was a potion of brilliance.
You feel clever all of a sudden. The wyvern bites you!
You die...

##..................#
##.................#
#######.......####'##
.........[.#######.#
.......##..# #...#
...######..# #.#.# ###.##
#...# #.#.# ..##.###...#
#.#.# .#).#.##...# #@#.#
####.#.#...# #l#.#
..##.##....# #o#.#
.#.##.#....# #.#.# #..#
.#....#####)#.####.# ...#
.#......o..........#
#.#.##...#.(...........##
##.##...#..)..........# #
##.................#


You could see an orc warrior and a wyvern.

Vanquished Creatures
  Pikel (D:5)
  A cyclops (D:8)
  A troll (D:7)
  Prince Ribbit (D:7)
  A steam dragon (D:7)
  An acid dragon (D:8)
  A water moccasin (D:6)
  An ice beast (D:6)
  3 ogres
  2 centaurs (D:7)
  4 lemures
  A kobold brigand (D:8)
  A bullfrog (D:8)
  3 necrophages
  A gnoll sergeant (D:8)
  4 scorpions
  A killer bee (D:8)
  2 electric eels (D:7)
  4 hounds
  Crazy Yiuf (D:5)
  4 jellies
  2 gnoll boudas (D:5)
  4 orc priests
  Terence (D:2)
  7 iguanas
  4 orc wizards
  Robin (D:2)
  10 gnolls
  6 adders
  A white imp (D:5)
  A worm (D:2)
  3 dart slugs
  20 orcs
  7 bats
  4 endoplasms
  3 giant cockroaches
  13 goblins
  11 hobgoblins
  6 jackals
  11 kobolds
  3 quokkas
  5 ball pythons
  4 frilled lizards
  7 rats
173 creatures vanquished.

Vanquished Creatures (others)
  A bullfrog (D:7)
  4 fungi (D:5)
  41 plants (D:2)
46 creatures vanquished.

Grand Total: 219 creatures vanquished

Notes
Turn   | Place    | Note
-------+----------+-------------------------------------------
     0 | D:1      | funnyparkerb the Draconian Air Elementalist began the quest
                  | for the Orb.
     0 | D:1      | Reached XP level 1. HP: 14/14 MP: 3/3
   605 | D:1      | Reached XP level 2. HP: 20/20 MP: 1/5
   626 | D:1      | Learned a level 2 spell: Static Discharge
  1502 | D:2      | Noticed Terence
  1540 | D:2      | Reached XP level 3. HP: 26/26 MP: 4/6
  1571 | D:2      | Killed Terence
  1655 | D:2      | Reached XP level 4. HP: 29/33 MP: 0/7
  1883 | D:2      | Noticed Robin
  2070 | D:2      | Killed Robin
  2071 | D:2      | Reached XP level 5. HP: 38/38 MP: 2/9
  2279 | D:2      | Found a shimmering blue altar of Sif Muna.
  3334 | D:3      | Found Eruskin's Weapon Emporium.
  3723 | D:3      | Reached skill level 5 in Air Magic
  4096 | D:3      | Found a faded altar of an unknown god.
  4147 | D:3      | Found a sacrificial altar of Ru.
  4186 | D:4      | Reached XP level 6. HP: 45/45 MP: 8/11
  4452 | D:4      | Learned a level 3 spell: Swiftness
  4521 | D:4      | Your scales start taking on a rich purple colour.
  4521 | D:4      | Reached XP level 7. HP: 53/57 MP: 3/14
  5145 | D:5      | Entered Level 5 of the Dungeon
  5160 | D:5      | Noticed Pikel
  5685 | D:5      | Found a staircase to the Ecumenical Temple.
  5706 | Temple   | Entered the Ecumenical Temple
  5780 | Temple   | Became a worshipper of Vehumet
  5817 | D:5      | Found a blossoming altar of Fedhas.
  5826 | D:5      | Reached skill level 5 in Conjurations
  6362 | D:5      | Killed Pikel
  6363 | D:5      | Reached XP level 8. HP: 71/71 MP: 8/15
  6414 | D:5      | Learned a level 4 spell: Airstrike
  6502 | D:5      | Reached skill level 5 in Spellcasting
  6559 | D:5      | Found a hide-covered altar of Uskayaw.
  6598 | D:5      | Noticed a +0 hand axe
  6598 | D:5      | Noticed a +0 dagger
  7012 | D:5      | Found a runed translucent door.
  7013 | D:5      | Noticed Crazy Yiuf
  7019 | D:5      | Killed Crazy Yiuf
  7099 | D:5      | Identified the +11 hammer "Tiut" {flame, rF+ rC+ rN++
                  | Str-5}
  7487 | D:6      | Reached * piety under Vehumet
  7487 | D:6      | Offered knowledge of Foxfire by Vehumet.
  7488 | D:6      | Reached skill level 1 in Evocations
  7702 | D:6      | Reached XP level 9. HP: 69/78 MP: 8/18
  8048 | D:6      | Found Gozag's Platinum Reserve.
  8063 | D:6      | Found an opulent altar of Gozag.
  8536 | D:7      | Noticed Prince Ribbit
  8541 | D:7      | Killed Prince Ribbit
  8992 | D:7      | Noticed a troll
  8995 | D:7      | Killed a troll
  9138 | D:7      | Reached skill level 5 in Evocations
  9452 | D:7      | Found a white marble altar of Elyvilon.
  9452 | D:7      | Found an ornate altar of the Wu Jian Council.
  9740 | D:7      | Found a stormy altar of Qazlal.
 10017 | D:8      | Noticed a cyclops
 10126 | D:8      | Found a staircase to the Lair.
 10141 | D:8      | Killed a cyclops
 10190 | D:8      | Reached XP level 10. HP: 64/84 MP: 0/19
 10215 | D:8      | Slain by a wyvern

Illustrated notes

Levels and vault maps discovered:
D:1:      evilmike_arrival_rings, layout_loops_ring
D:2:      layout_loops_ring, basic_altar, serial_bayou, serial_bayou_pond_b,
          serial_bayou_shore_b, serial_bayou_shore_a, serial_bayou_ford_a,
          serial_bayou_lake_a, serial_bayou_pond_b, uniq_terence, uniq_robin
D:3:      layout_rooms, lemuel_crystal_altar, shapermc_ecumenical_altar_venn,
          serial_shops, nicolae_shop_hallway_stairs
D:4:      layout_cave_pools
D:5:      layout_gridville, dancing_weapons_uskayaw, fedhas_altar_1,
          minmay_temple_entry_tees, uniq_pikel, uniq_crazy_yiuf_cottage
D:6:      layout_gridville, nicolae_gozag_zags_fifth_avenue
D:7:      layout_loops_cross, jmf_multi_god_temple,
          mainiacjoe_overflow_chevrons, hangedman_glass_teeth,
          nicolae_lava_and_water, chequers_serial_rivers_small_3,
          minmay_misc_feat_nine_boxes, chequers_serial_rivers_large_a,
          uniq_prince_ribbit1
D:8:      minmay_ornate_pinched, layout_basic, zin_scriptorium,
          makhleb_blood_cavern_becter, corexii_leaking_fountain,
          minmay_misc_feat_iff, amcnicky_mini_rare_corridor_liquid, uniq_erica
Temple:   nicolae_temple_bog_church

Skill      XL: |  1  2  3  4  5  6  7  8  9 |
---------------+----------------------------+-----
Conjurations   | 2 3 4 5 6 7 |  7.4
Air Magic      | 4 5 6 7 |  7.4
Spellcasting   | 3 4 6 |  6.0
Fighting       | 3 6 |  6.8
Evocations     | 2 6 |  6.7
Dodging        | |  1.7
Stealth        | |  1.7

Action                   |  1- 3 |  4- 6 |  7- 9 | 10-12 || total
-------------------------+-------+-------+-------+-------++-------
Melee: Dagger            |    33 |    30 |       |       ||    63
       Unarmed           |    14 |       |       |       ||    14
       Tailslap          |     2 |     2 |    13 |     1 ||    18
       Short sword       |       |     2 |    58 |       ||    60
       Punch             |       |     1 |     1 |       ||     2
       Mace              |       |       |     1 |       ||     1
       Staff             |       |       |    17 |     7 ||    24
 Cast: Shock             |    52 |   141 |   214 |     5 ||   412
       Static Discharge  |       |     3 |     7 |       ||    10
       Swiftness         |       |       |     5 |       ||     5
       Airstrike         |       |       |    31 |       ||    31
 Abil: Breathe Dispellin |       |       |     5 |       ||     5
Evoke: Wand              |       |       |     3 |       ||     3
  Use: Potion            |       |       |       |     1 ||     1
 Stab: Sleeping          |       |       |     1 |       ||     1
Armor: Skin              |    16 |    23 |    88 |     4 ||   131
Dodge: Dodged            |    56 |    29 |   155 |    16 ||   256
